 Dungeon Crawl Stone Soup version 0.30-a0-424-g7412bad402 (webtiles) character file.

Game seed: 11577468434307046012

184 billz999 the Covered (level 5, 0/43 HPs)
             Began as a Gnoll Wanderer on Dec 8, 2022.
             Slain by a black bear (3 damage)
             ... on level 4 of the Dungeon on Dec 9, 2022.
             The game lasted 00:05:53 (2241 turns).

billz999 the Covered (Gnoll Wanderer)               Turns: 2241, Time: 00:05:54

Health: 0/43       AC: 11    Str:  7    XL:     5   Next: 63%
Magic:  9/9        EV:  8    Int: 12    God:
Gold:   160        SH:  0    Dex: 17    Spells: 9/10 levels left

rFire   . . .      SeeInvis .    a - +0 shortbow
rCold   . . .      Faith    .    (shield currently unavailable)
rNeg    . . .      Spirit   .    b - +0 scale mail
rPois   .          Reflect  .    (no helmet)
rElec   .          Harm     .    d - +2 cloak
rCorr   .          Rampage  .    (no gloves)
Will    .....                    j - +0 pair of boots of Valiance {Slay+3}
Stlth   +.........               (no amulet)
HPRegen 0.27/turn                (no ring)
MPRegen 0.11/turn                (no ring)

@: no status effects
A: fangs 1, strong nose, distributed training
a: no special abilities


You were on level 4 of the Dungeon.
You visited 1 branch of the dungeon, and saw 4 of its levels.

You collected 160 gold pieces.

Inventory:

Hand Weapons
 a - a +0 shortbow (weapon)
Armour
 b - a +0 scale mail (worn)
 d - a +2 cloak (worn)
 j - the +0 pair of boots of Valiance (worn) {Slay+3}
   (You found it on level 2 of the Dungeon)

   Slay:      It affects your accuracy & damage with ranged weapons and melee
   (+3).
Scrolls
 c - a scroll of summoning
 i - 3 scrolls of identify {unknown}
 l - a scroll of silence {unknown}
 o - a scroll of enchant weapon {unknown}
Potions
 e - a potion of degeneration {unknown}
 f - a potion of haste {unknown}
 g - 2 potions of curing
 h - a potion of lignification {unknown}
 k - a potion of attraction {unknown}
 m - a potion of brilliance {unknown}
 n - a potion of berserk rage {unknown}
 p - a potion of flight {unknown}


   Skills:
 + Level 4.8 Fighting
 + Level 1.6 Short Blades
 + Level 1.6 Long Blades
 + Level 1.6 Axes
 + Level 1.6 Maces & Flails
 + Level 1.6 Polearms
 + Level 1.6 Staves
 + Level 4.8 Ranged Weapons
 + Level 1.6 Throwing
 + Level 4.8 Armour
 + Level 1.6 Dodging
 + Level 2.9 Stealth
 + Level 1.6 Shields
 + Level 1.6 Unarmed Combat
 + Level 3.2 Spellcasting
 + Level 1.3 Conjurations
 + Level 1.3 Hexes
 + Level 1.3 Summonings
 + Level 1.3 Necromancy
 + Level 1.3 Translocations
 + Level 1.3 Transmutations
 + Level 4.0 Fire Magic
 + Level 1.3 Ice Magic
 + Level 1.3 Air Magic
 + Level 1.3 Earth Magic
 + Level 1.3 Poison Magic
 + Level 1.9 Invocations
 + Level 1.6 Evocations


You had 9 spell levels left.
You knew the following spells:

 Your Spells              Type           Power      Damage    Failure   Level
a - Foxfire               Conj/Fire      32%        2x1d5     61%         1

Your spell library contained the following spells:

 Spells                   Type           Power      Damage    Failure   Level
 Inner Flame              Hex/Fire       8%         N/A       93%         3


Dungeon Overview and Level Annotations

Branches:
Dungeon (4/15)
 Temple: D:4-7

Altars:
Ashenzari
Uskayaw

Shops:
D:1 [


Innate Abilities, Weirdness & Mutations

You have very sharp teeth.
Your uncanny sense of smell can sniff out nearby items.
Your experience applies equally to all skills.


Message History

The gnoll is almost dead.
The black bear bites you but does no damage.
The black bear barely misses you.
The black bear claws you but does no damage.
The black bear bites you but does no damage.
The black bear barely misses you. x2
Unknown command.
The black bear bites you but does no damage.
The black bear claws you. x2
Fire: a) +0 shortbow
Press: ? - help, Shift-Dir - straight line, f/p - gnoll
Aim: a gnoll, wielding a +0 spear (70% to hit)
You shoot an arrow.
The arrow closely misses the black bear.
The arrow closely misses the gnoll.
The arrow hits the gnoll!
The gnoll is severely wounded.
The black bear bites you but does no damage.
The black bear claws you but does no damage. x2
The black bear bites you. The black bear completely misses you.
The black bear claws you but does no damage.
Unknown command.
Fire: a) +0 shortbow
Press: ? - help, Shift-Dir - straight line, f - gnoll, p - gnoll
Aim: a gnoll, wielding a +0 club (almost dead, 70% to hit)
Okay, then.
The black bear barely misses you. The black bear claws you.
* * * LOW HITPOINT WARNING * * *
The black bear completely misses you.
Fire: a) +0 shortbow
Press: ? - help, Shift-Dir - straight line, f/p - gnoll
Aim: a gnoll, wielding a +0 spear (heavily wounded, 70% to hit)
You shoot an arrow. The arrow hits the black bear.
The black bear is almost dead.
The black bear bites you but does no damage.
The black bear closely misses you. The black bear claws you.
* * * LOW HITPOINT WARNING * * *
The gnoll hits you from afar with a +0 spear.
* * * LOW HITPOINT WARNING * * *
The black bear bites you.
You die...

...+########'........
...#........#........
.. .+####'.#........
#....#.#........
#.##.#.#........
#.##.#.#........
#....#.#........
#.+####g.#........
#...@hgg)#........
+########'........
......g.g#'########
.....#^......g.....
.... #.............
... #............. ..
########...##. .
#...##. #....#..


You could see a black bear (berserk) and 3 gnolls.

Vanquished Creatures
  Robin (D:3)
  5 gnolls
  3 adders (D:2)
  A worm (D:2)
  4 dart slugs
  7 ball pythons
  4 bats
  3 endoplasms
  2 giant cockroaches (D:1)
  11 goblins
  16 hobgoblins
  5 jackals
  4 quokkas
  2 frilled lizards
  7 kobolds
  4 rats
79 creatures vanquished.

Vanquished Creatures (others)
  8 foxfires
8 creatures vanquished.

Grand Total: 87 creatures vanquished

Notes
Turn   | Place    | Note
-------+----------+-------------------------------------------
     0 | D:1      | billz999 the Gnoll Wanderer began the quest for the Orb.
     0 | D:1      | billz999 set off with the following items: a +0 shortbow, a
                  | +0 scale mail, a scroll of summoning; and the following
                  | spell memorised: Foxfire; and the following spells
                  | available to memorise: Inner Flame.
     0 | D:1      | Reached XP level 1. HP: 20/20 MP: 4/4
   149 | D:1      | Reached XP level 2. HP: 26/26 MP: 5/5
   350 | D:1      | Upgraded the game from 0.30-a0-414-gcb316572d5 to
                  | 0.30-a0-424-g7412bad402
   361 | D:1      | Reached XP level 3. HP: 21/31 MP: 7/7
   416 | D:1      | Found Ques's Antique Armour Shop.
   793 | D:1      | Reached skill level 1 in Invocations
   942 | D:2      | Reached skill level 1 in Short Blades
   942 | D:2      | Reached skill level 1 in Long Blades
   942 | D:2      | Reached skill level 1 in Axes
   942 | D:2      | Reached skill level 1 in Maces & Flails
   942 | D:2      | Reached skill level 1 in Polearms
   942 | D:2      | Reached skill level 1 in Staves
   942 | D:2      | Reached skill level 1 in Throwing
   942 | D:2      | Reached skill level 1 in Dodging
   942 | D:2      | Reached skill level 1 in Shields
   942 | D:2      | Reached skill level 1 in Unarmed Combat
   942 | D:2      | Reached skill level 1 in Evocations
   953 | D:2      | Reached XP level 4. HP: 29/38 MP: 0/8
   973 | D:2      | Reached skill level 1 in Conjurations
   973 | D:2      | Reached skill level 1 in Hexes
   973 | D:2      | Reached skill level 1 in Summonings
   973 | D:2      | Reached skill level 1 in Necromancy
   973 | D:2      | Reached skill level 1 in Translocations
   973 | D:2      | Reached skill level 1 in Transmutations
   973 | D:2      | Reached skill level 1 in Ice Magic
   973 | D:2      | Reached skill level 1 in Air Magic
   973 | D:2      | Reached skill level 1 in Earth Magic
   973 | D:2      | Reached skill level 1 in Poison Magic
  1066 | D:2      | Identified the +0 pair of boots of Valiance {Slay+3}
  1210 | D:2      | Identified the +0 ring mail of Qazlal's Regard {-Tele
                  | Str+5}
  1270 | D:2      | Reached XP level 5. HP: 43/43 MP: 9/9
  1607 | D:3      | Noticed Robin
  1618 | D:3      | Killed Robin
  1690 | D:3      | Found a broken altar of Ashenzari.
  1920 | D:3      | Found a hide-covered altar of Uskayaw.
  2198 | D:4      | Noticed a black bear
  2241 | D:4      | Slain by a black bear

Illustrated notes

Levels and vault maps discovered:
D:1:      matt_arrival_spirals, layout_basic, serial_shops,
          nicolae_shop_overgrown_old_shop
D:2:      layout_rooms, minmay_misc_feat_room, hangedman_abyss_or_decor_stabs,
          kennysheep_path_1
D:3:      layout_basic, mainiacjoe_overflow_six_doors_small,
          ashenzari_conservatory_becter, uniq_robin
D:4:      layout_gridville, mainiacjoe_overflow_big_doors, minivault_11

Skill      XL: |  1  2  3  4  5 |
---------------+----------------+-----
Invocations    | 1 |  1.9
Short Blades   | 1 |  1.6
Long Blades    | 1 |  1.6
Axes           | 1 |  1.6
Maces & Flails | 1 |  1.6
Polearms       | 1 |  1.6
Staves         | 1 |  1.6
Throwing       | 1 |  1.6
Dodging        | 1 |  1.6
Shields        | 1 |  1.6
Unarmed Combat | 1 |  1.6
Evocations     | 1 |  1.6
Spellcasting   | 3 |  3.2
Conjurations   | 1 |  1.3
Hexes          | 1 |  1.3
Summonings     | 1 |  1.3
Necromancy     | 1 |  1.3
Translocations | 1 |  1.3
Transmutations | 1 |  1.3
Ice Magic      | 1 |  1.3
Air Magic      | 1 |  1.3
Earth Magic    | 1 |  1.3
Poison Magic   | 1 |  1.3
Fire Magic     | 4 |  4.0
Fighting       | |  4.8
Ranged Weapons | |  4.8
Armour         | |  4.8
Stealth        | |  2.9

Action                   |  1- 3 |  4- 6 || total
-------------------------+-------+-------++-------
 Fire: Shortbow          |    85 |   125 ||   210
 Cast: Foxfire           |     6 |       ||     6
Armor: Scale mail        |    47 |    72 ||   119
Dodge: Dodged            |    29 |    57 ||    86

Table legend: (Time is in decaauts)
 A = Elapsed time spent in this place.
 B = Non-inter-level travel time spent in this place.
 C = Inter-level travel time spent in this place.
 D = Time resting spent in this place.
 E = Time spent auto-exploring this place.
 F = Levels seen in this place.
 G = Mean time per level.
                   A        B        C        D        E       F      G
               +--------+--------+--------+--------+--------+-----+--------+
         Total |   2373 |   2316 |     57 |    162 |   1622 |   4 |  593.2 |
       Dungeon |   2373 |   2316 |     57 |    162 |   1622 |   4 |  593.2 |
               +--------+--------+--------+--------+--------+-----+--------+

Top non-repeatable levels by time:
     D:1: 892 daAuts
     D:2: 748 daAuts
     D:3: 597 daAuts
     D:4: 135 daAuts
